 Dungeon Crawl Stone Soup version 0.30.0-10-gfe55d96785 (webtiles) character file.

Game seed: 13385301347279932770

66 cheesebisquit the Firebug (level 3, -1/29 HPs)
             Began as a Draconian Fire Elementalist on May 14, 2023.
             Slain by a gnoll
             ... wielding a +0 halberd
              (12 damage)
             ... on level 2 of the Dungeon.
             The game lasted 00:04:41 (1504 turns).

cheesebisquit the Firebug (DrFE)                    Turns: 1504, Time: 00:04:42

Health: -1/29      AC:  5    Str: 10    XL:     3   Next: 96%
Magic:  4/6        EV: 12    Int: 17    God:
Gold:   55         SH:  5    Dex: 11    Spells: 6/7 levels left

rFire   . . .        p - +0 flail
rCold   . . .        (no shield)
rNeg    . . .        (body armour unavailable)
rPois   .            (helmet restricted)
rElec   .            m - scarf {+Inv}
rCorr   .            (no gloves)
SInv    .            (no boots)
Will    .....        e - amulet of reflection
Stlth   ++           (no ring)
HPRegen 0.24/turn    (no ring)
MPRegen 0.10/turn

%: reflection
@: no status effects
A: AC +5, unfitting armour, cold-blooded
a: Evoke Invisibility


You were on level 2 of the Dungeon.
You visited 1 branch of the dungeon, and saw 2 of its levels.

You collected 55 gold pieces.

Inventory:

Hand Weapons
 b - a +0 club
 c - a +0 short sword
 p - a +0 flail (weapon)
Missiles
 n - 4 poisoned darts
Armour
 m - a scarf of invisibility (worn)
Jewellery
 e - an amulet of reflection (around neck)
Scrolls
 f - a scroll of fear {unknown}
 g - 2 scrolls of teleportation {unknown}
 i - a scroll of torment {unknown}
 j - a scroll of identify {unknown}
 l - a scroll of fog {unknown}
Potions
 d - 2 potions of haste {unknown}
 h - 2 potions of attraction {unknown}
 k - a potion of curing {unknown}
 o - a potion of invisibility {unknown}


   Skills:
 + Level 1.8 Fighting
 + Level 2.4 Dodging
 + Level 2.5 Stealth
 + Level 2.5 Spellcasting
 - Level 1.0 Conjurations
 - Level 3.0 Fire Magic


You had 6 spell levels left.
You knew the following spells:

 Your Spells              Type           Power      Damage    Failure   Level
a - Foxfire               Conj/Fire      32%        2x1d5     9%          1

Your spell library contained the following spells:

 Spells                   Type           Power      Damage    Failure   Level
 Scorch                   Fire           24%        2d6       9%          2
 Freeze                   Ice            8%         1d3       19%         1
 Inner Flame              Hex/Fire       7%         N/A       30%         3
 Volatile Blastmotes      Fire/Tloc      14%        2d11      30%         3
 Dazzling Flash           Conj/Hex       6%         N/A       41%         3
 Hailstorm                Conj/Ice       3%         3d3       41%         3
 Frozen Ramparts          Ice            4%         1d1       50%         3
 Flame Wave               Conj/Fire      8%         2d5       63%         4
 Agony                    Necr           2%         N/A       99%         5
 Silence                  Hex/Air        1%         N/A       99%         5


Dungeon Overview and Level Annotations

Branches:
Dungeon (2/15)

Altars:
Makhleb
Nemelex Xobeh


Innate Abilities, Weirdness & Mutations

Your plain brown scales are hard. (AC +5)
You cannot fit into any form of body armour.
You are cold-blooded and may be slowed by cold attacks.


Message History

p - a +0 flail (weapon)
The gnoll hits you with a +0 whip. The gnoll closely misses you.
You closely miss the gnoll.
The gnoll is severely wounded.
You hear a shout!
The gnoll hits you from afar with a +0 spear.
The gnoll barely misses you. The gnoll attacks as you move away!
The gnoll hits you with a +0 whip.
* * * LOW HITPOINT WARNING * * *
Okay, then.
The gnoll attacks as you move away! You block the gnoll's attack.
You see here a +0 spear.
Okay, then.
Casting: Foxfire (safe; 9% risk of failure)
Press: ? - help, Q - select action, (/) - cycle Dir - look around, f - activate You conjure some foxfire!
Casting: Foxfire (safe; 9% risk of failure)
Press: ? - help, Q - select action, (/) - cycle Dir - look around, f - activate You conjure some foxfire!
The foxfire hits the gnoll.
The gnoll is severely wounded.
The foxfire hits the gnoll.
You kill the gnoll!
The gnoll hits you but does no damage.
The foxfire hits the gnoll but does no damage.
The foxfire hits the gnoll.
The gnoll is moderately wounded.
Magic courses through your body.
Casting: Foxfire (safe; 9% risk of failure)
Press: ? - help, Q - select action, (/) - cycle Dir - look around, f - activate You conjure some foxfire!
Casting: Foxfire (safe; 9% risk of failure)
Press: ? - help, Q - select action, (/) - cycle Dir - look around, f - activate You conjure some foxfire!
The foxfire hits the gnoll.
The gnoll is moderately wounded.
The foxfire hits the gnoll.
The gnoll is heavily wounded.
The gnoll hits you from afar with a +0 halberd!
You die...

#......# #......#
####......#
#.......).# #
#.........#########.#
#....##'##g)........#
#######.##)g.......[#
........##...§v....##
##########..§@v.....#
#..†§......#
#..........#
#..........#
#..........#
#.#..........#
#............#
######.####### ###
#.#


You could see 2 gnolls.

Vanquished Creatures
  2 gnolls (D:2)
  2 dart slugs (D:1)
  2 bats (D:1)
  3 endoplasms
  2 giant cockroaches (D:1)
  3 goblins (D:1)
  8 hobgoblins
  3 kobolds
  3 quokkas (D:1)
  4 ball pythons (D:1)
  A frilled lizard (D:1)
  5 rats
38 creatures vanquished.

Vanquished Creatures (others)
  99 foxfires
99 creatures vanquished.

Grand Total: 137 creatures vanquished

Notes
Turn   | Place    | Note
-------+----------+-------------------------------------------
     0 | D:1      | cheesebisquit the Draconian Fire Elementalist began the
                  | quest for the Orb.
     0 | D:1      | Reached XP level 1. HP: 14/14 MP: 3/3
   163 | D:1      | Reached XP level 2. HP: 20/22 MP: 0/5
   264 | D:1      | Reached skill level 1 in Fighting
   367 | D:1      | Found a sparkling altar of Nemelex Xobeh.
   608 | D:1      | Reached XP level 3. HP: 28/28 MP: 3/6
  1343 | D:2      | Found a burning altar of Makhleb.
  1504 | D:2      | Slain by a gnoll

Illustrated notes

Levels and vault maps discovered:
D:1:      minmay_arrival_wavy_path, layout_basic, moated_statue,
          minmay_hexomino_r4
D:2:      layout_basic, serial_aquarium, aquarium_bridge_long_joined
          [aquarium_subvault_window, aquarium_subvault_bridge,
          aquarium_subvault_window, aquarium_subvault_window,
          aquarium_subvault_balcony, aquarium_subvault_bridge],
          aquarium_bridge_straight [aquarium_subvault_bridge,
          aquarium_subvault_wall, aquarium_subvault_bridge,
          aquarium_subvault_balcony], aquarium_window_2,
          aquarium_window_corridor_3, aquarium_window_1, aquarium_window_1,
          aquarium_view_2e, aquarium_view_2a, aquarium_pool_1, basic_altar

Skill      XL: |  1  2 |
---------------+-------+-----
Dodging        | 2 |  2.4
Stealth        | 2 |  2.5
Fighting       | 1 |  1.8
Spellcasting   | |  2.5
Conjurations   | |  1.0
Fire Magic     | |  3.0

Action                     || total
---------------------------++-------
  Melee: Club              ||    18
         Unarmed           ||     4
         Tailslap          ||     3
         Flail             ||     1
         Punch             ||     1
   Cast: Foxfire           ||    63
    Use: Potion            ||     1
 Armour: Skin              ||    12
  Dodge: Dodged            ||    16
  Block: Other             ||     5
